 Dungeon Crawl Stone Soup version 0.28.0-45-g0d030f2227 (webtiles) character file.

Game seed: 4859596322461694680

3796 101zpm the Frost Mage (level 9, -6/67 HPs)
             Began as a Yellow Draconian Ice Elementalist on Apr 18, 2022.
             Was an Initiate of Sif Muna.
             Mangled by Erica
             ... wielding a +4 scimitar of flaming
              (7 damage)
             ... on level 8 of the Dungeon.
             The game lasted 00:37:36 (12051 turns).

101zpm the Frost Mage (DrIE)                       Turns: 12051, Time: 00:37:37

Health: -6/67      AC: 11    Str: 12    XL:     9   Next: 96%
Magic:  2/21       EV: 13    Int: 17    God:    Sif Muna [......]
Gold:   276        SH:  0    Dex: 12    Spells: 7/25 levels left

rFire   . . .      SeeInvis .   w - +1 short sword (venom)
rCold   + . .      Faith    .   (no shield)
rNeg    . . .      Spirit   .   (armour unavailable)
rPois   +          Reflect  .   (helmet restricted)
rElec   .          Harm     .   D - +1 cloak
rCorr   +          Rampage  .   n - +0 pair of gloves of the Orange {rC+ Str+2 Int-3}
Will    .....                   A - +0 pair of boots
Stlth   ++........              o - amulet of magic regeneration
HPRegen 0.21/turn               q - ring of wizardry
MPRegen 0.57/turn               d - ring of poison resistance

@: studying Bows
A: spit acid, AC +7, unfitting armour, cold-blooded, acid resistance
a: Breathe Acid, Renounce Religion


You were on level 8 of the Dungeon.
You worshipped Sif Muna.
Sif Muna was noncommittal.
You visited 2 branches of the dungeon, and saw 9 of its levels.

You collected 276 gold pieces.

Inventory:

Hand Weapons
 u - a +0 whip of flaming
 w - a +1 short sword of venom (weapon)
Missiles
 a - 41 bolts
 i - 355 stones
 j - 6 poisoned darts
 k - 153 arrows
 E - 5 boomerangs
 F - 109 sling bullets
Armour
 n - the +0 pair of gloves of the Orange (worn) {rC+ Str+2 Int-3}
   (You found it on level 3 of the Dungeon)

   Str:       It affects your strength (+2).
   Int:       It affects your intelligence (-3).
   rC:        It protects you from cold.
 A - a +0 pair of boots (worn)
 D - a +1 cloak (worn)
Jewellery
 d - a ring of poison resistance (right hand)
 f - an amulet of faith
 o - an amulet of magic regeneration (around neck)
 q - a ring of wizardry (left hand)
 G - a +6 ring of intelligence
Wands
 I - a wand of iceblast (8)
Scrolls
 b - 3 scrolls of noise {unknown}
 e - 2 scrolls of fog {unknown}
 h - 5 scrolls of identify {unknown}
 p - a scroll of amnesia {unknown}
 s - a scroll of enchant weapon {unknown}
 y - 3 scrolls of teleportation {unknown}
 z - a scroll of fear {unknown}
 B - a scroll of vulnerability {unknown}
Potions
 c - a potion of berserk rage {unknown}
 g - 2 potions of lignification {unknown}
 l - a potion of resistance {unknown}
 m - 4 potions of flight {unknown}
 r - 2 potions of heal wounds {unknown}
 t - a potion of invisibility {unknown}
 v - a potion of haste
 C - a potion of might {unknown}
 H - 2 potions of curing {unknown}


   Skills:
 + Level 1.7 Fighting
 + Level 1.8 Short Blades
 + Level 1.2 Maces & Flails
 + Level 3.9 Dodging
 + Level 3.4 Stealth
 + Level 1.8 Unarmed Combat
 + Level 8.7 Spellcasting
 + Level 1.4 Conjurations
 + Level 0.4 Hexes
 + Level 9.0 Ice Magic
 + Level 3.1 Air Magic


You had 7 spell levels left.
You knew the following spells:

 Your Spells              Type           Power      Damage    Failure   Level
a - Freeze                Ice            100%       1d11      1%          1
b - Frozen Ramparts       Ice            76%        1d9       1%          3
c - Ozocubu's Armour      Ice            38%        N/A       1%          3
d - Hailstorm             Conj/Ice       25%        3d7       4%          4
e - Static Discharge      Conj/Air       15%        N/A       2%          2
f - Metabolic Englaciati  Hex/Ice        11%        N/A       16%         5

Your spell library contained the following spells:

 Spells                   Type           Power      Damage    Failure   Level
 Sticky Flame             Conj/Fire      9%         2d3       28%         4
 Dispel Undead            Necr           7%         3d8       34%         4
 Simulacrum               Ice/Necr       11%        N/A       65%         6


Dungeon Overview and Level Annotations

Branches:
Dungeon (8/15)             Temple (1/1) D:5
   Lair: D:8-11

Altars:
Ashenzari
Cheibriados
Elyvilon
Fedhas
Gozag
Hepliaklqana
Kikubaaqudgha
Makhleb
Nemelex Xobeh
Okawaru
Qazlal
Sif Muna
Uskayaw
Vehumet
Wu Jian
Yredelemnul
Zin

Shops:
D:5 =

Annotations:
D:8 Erica


Innate Abilities, Weirdness & Mutations

You can spit globs of acid.
Your golden yellow scales are hard. (AC +7)
You cannot fit into any form of body armour.
You are cold-blooded and may be slowed by cold attacks.
You are resistant to acid. (rCorr)


Message History

Erica is struck by an arc of lightning!
Erica is severely wounded.
You are struck by an arc of lightning.
The lightning grounds out.
Erica closely misses you.
Casting: Static Discharge (safe; 2% risk of failure)
Confirm with . or Enter, or press ? or * to list all spells.
Erica is struck by an arc of lightning!
Erica is severely wounded.
You are struck by an arc of lightning.
The lightning grounds out.
Erica hits you with a +4 scimitar of flaming.
Erica burns you.
Casting: Static Discharge (safe; 2% risk of failure)
Confirm with . or Enter, or press ? or * to list all spells.
Erica is struck by an arc of lightning.
Erica is almost dead.
You are struck by an arc of lightning.
The lightning grounds out.
Erica hits you with a +4 scimitar of flaming.
* * * LOW HITPOINT WARNING * * *
Erica burns you.
* * * LOW HITPOINT WARNING * * *
Casting: Static Discharge (safe; 2% risk of failure)
Confirm with . or Enter, or press ? or * to list all spells.
Erica is struck by an arc of lightning.
Erica is almost dead.
You are struck by an arc of lightning.
* * * LOW HITPOINT WARNING * * *
The lightning grounds out.
Erica hits you with a +4 scimitar of flaming!
* * * LOW HITPOINT WARNING * * *
Erica burns you.
* * * LOW HITPOINT WARNING * * *
Casting: Static Discharge (safe; 2% risk of failure)
Confirm with . or Enter, or press ? or * to list all spells.
Erica is struck by an arc of lightning.
Erica is almost dead.
You are struck by an arc of lightning.
* * * LOW HITPOINT WARNING * * *
The lightning grounds out.
Erica hits you with a +4 scimitar of flaming!
You die...

#.....#........#... #
...#.....#........#... #.
#...#.....#........#... '..
'...#...<.)........#... #...
#...#.....#........'... #....
####..########........####
#....#.##..#........#'##'###...
#....'.....#........#....'[<...
#....#.....#..@.....'....#.....
#... #.....#..@.....#....#.....
##... #'###'#........##...###...
#....##..#......#######'####....
#....#...#......'....#.....#....
#....#...#......#....#.....#.#..
#....#...#......#.<..'.....#.###
#....#...#......#....#.....#...#
##........#......#....#.....#....


You could see Erica.

Vanquished Creatures
  Pikel (D:4)
  An orc sorcerer (D:8)
  A hornet (D:8)
  A steam dragon (D:8)
  3 water moccasins
  4 ice beasts
  An orc warrior (D:7)
  A black bear (D:6)
  A necrophage (D:8)
  2 ogres
  4 centaurs
  3 bullfrogs
  A scorpion (D:5)
  A wyvern skeleton (D:5)
  6 killer bees (D:5)
  A jelly (D:4)
  A centaur zombie (D:8)
  3 hounds
  2 gnoll shamans
  3 orc priests
  2 iguanas (D:7)
  An orc wizard (D:4)
  A hound skeleton (D:4)
  7 gnolls
  5 adders
  A shadow imp (D:5)
  A white imp (D:8)
  An adder skeleton (D:4)
  A worm (D:4)
  2 dart slugs
  14 orcs
  3 ball pythons
  4 bats
  6 endoplasms
  2 giant cockroaches (D:2)
  3 goblins
  7 hobgoblins
  4 jackals
  5 kobolds
  5 quokkas
  A frilled lizard (D:2)
  7 rats
124 creatures vanquished.

Vanquished Creatures (others)
  A kobold brigand (D:8)
  A bullfrog (D:8)
  A gnoll sergeant (D:8)
3 creatures vanquished.

Grand Total: 127 creatures vanquished

Notes
Turn   | Place    | Note
-------+----------+-------------------------------------------
     0 | D:1      | 101zpm the Draconian Ice Elementalist began the quest for
                  | the Orb.
     0 | D:1      | Reached XP level 1. HP: 14/14 MP: 3/3
   409 | D:1      | Reached XP level 2. HP: 20/20 MP: 3/5
  1179 | D:2      | Reached XP level 3. HP: 17/26 MP: 1/6
  2398 | D:3      | Reached XP level 4. HP: 29/33 MP: 3/8
  2883 | D:3      | Found an iron altar of Okawaru.
  3233 | D:3      | Identified the +0 pair of gloves of the Orange {rC+ Str+2
                  | Int-3}
  3283 | D:4      | Noticed an air elemental
  3293 | D:5      | Entered Level 5 of the Dungeon
  3403 | D:4      | Learned a level 3 spell: Frozen Ramparts
  3407 | D:4      | Learned a level 3 spell: Ozocubu's Armour
  3428 | D:4      | Found a stormy altar of Qazlal.
  3487 | D:4      | Reached skill level 5 in Ice Magic
  3725 | D:4      | Noticed a lemure
  3726 | D:4      | Noticed a lemure
  3726 | D:4      | Noticed Pikel
  3774 | D:4      | Reached XP level 5. HP: 36/38 MP: 1/10
  4311 | D:4      | Noticed a lemure
  4748 | D:4      | Noticed a fire elemental
  4748 | D:4      | Noticed a water elemental
  4827 | D:4      | Noticed a lemure
  4830 | D:4      | Killed Pikel
  4831 | D:4      | Reached skill level 1 in Unarmed Combat
  4831 | D:4      | Reached skill level 5 in Spellcasting
  4831 | D:4      | Reached skill level 6 in Ice Magic
  4831 | D:4      | Reached XP level 6. HP: 38/45 MP: 3/13
  4831 | D:4      | Your scales start taking on a golden yellow colour.
  4831 | D:4      | Reached XP level 7. HP: 42/50 MP: 3/14
  4831 | D:4      | Gained mutation: You are resistant to acid. (rCorr) [Yellow
                  | Draconian growth]
  5673 | D:5      | Reached skill level 1 in Maces & Flails
  5684 | D:5      | Found Tyozam's Jewellery Emporium.
  5692 | D:5      | Learned a level 4 spell: Hailstorm
  5695 | D:5      | Learned a level 2 spell: Static Discharge
  5720 | D:5      | Reached skill level 1 in Air Magic
  5720 | D:5      | Reached XP level 8. HP: 51/58 MP: 3/16
  5783 | D:5      | Reached skill level 1 in Fighting
  6862 | D:5      | Found a staircase to the Ecumenical Temple.
  6881 | Temple   | Entered the Ecumenical Temple
  7245 | D:6      | Learned a level 5 spell: Metabolic Englaciation
  7316 | D:6      | Found a sparkling altar of Nemelex Xobeh.
  7413 | D:6      | Reached skill level 7 in Ice Magic
  7419 | D:6      | Reached skill level 1 in Short Blades
  8446 | Temple   | Became a worshipper of Sif Muna the Loreminder
  8844 | D:7      | Reached XP level 9. HP: 54/64 MP: 6/19
  9729 | D:7      | Reached skill level 8 in Ice Magic
  9909 | D:7      | Reached skill level 1 in Conjurations
 10160 | D:8      | Noticed Erica
 10361 | D:8      | Found a glowing silver altar of Zin.
 10999 | D:8      | Noticed an orc sorcerer
 11980 | D:8      | Killed an orc sorcerer
 11981 | D:8      | Reached skill level 9 in Ice Magic
 12050 | D:8      | HP: 3/67 [Erica/+4 scimitar of flaming (4)]
 12051 | D:8      | HP: 1/67 [/static electricity (2)]
 12051 | D:8      | Mangled by Erica

Illustrated notes

Levels and vault maps discovered:
D:1:      wander_arrival_fairy_ring, layout_basic
D:2:      layout_rooms
D:3:      layout_loops_corners, overflow_temple_1_default
D:4:      layout_loops_cross, nicolae_qazlal_style_of_elements,
          serial_park_tiny_2, uniq_pikel
D:5:      layout_rooms, minmay_temple_entry_junction, serial_shops, shop,
          hangedman_decor_opposing, lemuel_old_faithful
D:6:      layout_basic, mainiacjoe_overflow_small_starburst
D:7:      layout_basic, minmay_manual_mares
D:8:      cheibrodos_wizards_tower, layout_gridville, xom_confusion_cloud,
          nicolae_ru_great_annihilating_truth, kennysheep_mini, zin_academy,
          uniq_erica
Temple:   dshaligram_water_room_temple

Skill      XL: |  1  2  3  4  5  6  7  8  9 |
---------------+----------------------------+-----
Dodging        | 2 3 |  3.9
Spellcasting   | 3 5 7 8 |  8.7
Stealth        | 2 3 |  3.4
Ice Magic      | 5 6 7 9 |  9.0
Unarmed Combat | 1 |  1.8
Maces & Flails | 1 |  1.2
Air Magic      | 1 2 3 |  3.1
Fighting       | 1 |  1.7
Short Blades   | 1 |  1.8
Conjurations   | 1 |  1.4
Hexes          | |  0.4

Action                   |  1- 3 |  4- 6 |  7- 9 || total
-------------------------+-------+-------+-------++-------
Melee: Unarmed           |    24 |    34 |       ||    58
       Tailslap          |     2 |     6 |    14 ||    22
       Whip              |       |       |    31 ||    31
       Punch             |       |       |     4 ||     4
       Short sword       |       |       |    64 ||    64
 Cast: Freeze            |    56 |    48 |    38 ||   142
       Frozen Ramparts   |       |     4 |    49 ||    53
       Ozocubu's Armour  |       |     1 |    23 ||    24
       Static Discharge  |       |       |    38 ||    38
       Hailstorm         |       |       |    10 ||    10
       Metabolic Englaci |       |       |     1 ||     1
 Stab: Sleeping          |       |     1 |       ||     1
Armor: Skin              |    38 |    29 |    85 ||   152
Dodge: Dodged            |    39 |    33 |   126 ||   198
